 Dungeon Crawl Stone Soup version 0.28-a0-1356-g2ad6d04315 (webtiles) character file.

Game seed: 448332698458488971

467 enile the Sneak (level 7, -2/55 (64) HPs)
             Began as a Naga Enchanter on Dec 31, 2021.
             Was a Follower of Cheibriados.
             Slain by a hell rat (12 damage)
             ... on level 5 of the Dungeon.
             The game lasted 00:14:44 (5322 turns).

enile the Sneak (Naga Enchanter)                    Turns: 5322, Time: 00:14:45

HP:   -2/55 (64)    AC:  9    Str: 15    XL:     7   Next: 8%
MP:   11/11         EV: 14    Int: 18    God:    Cheibriados [*.....]
Gold: 139           SH:  0    Dex: 15    Spells: 4/12 levels left

rFire   + . .      SeeInvis +   a - +1 dagger
rCold   x . .      Faith    .   e - orb {*channel}
rNeg    . . .      Spirit   .   c - +2 robe {Will+}
rPois   +          Reflect  .   (no helmet)
rElec   .          Harm     .   j - +1 cloak
rCorr   .          Rampage  .   h - +1 pair of gloves
Will    +....                   (no barding)
Stlth   +++.......              (no amulet)
HPRegen 0.18/turn               A - +4 ring of evasion
MPRegen 0.12/turn               x - ring of fire

@: short of breath, flying, heavily drained, very slow
A: AC +2, large, see invisible, deformed body, poison resistance, slowness 2,
spit poison 1, naga tail 1
a: Spit Poison, Renounce Religion, Bend Time


You were on level 5 of the Dungeon.
You worshipped Cheibriados.
Cheibriados was aware of your devotion.
You visited 1 branch of the dungeon, and saw 5 of its levels.

You collected 139 gold pieces.

Inventory:

Hand Weapons
 a - a +1 dagger (weapon)
Missiles
 d - 140 stones
Armour
 b - a +0 robe
 c - a +2 robe of willpower (worn)
 e - an orb of energy (worn)
 h - a +1 pair of gloves (worn)
 j - a +1 cloak (worn)
 k - a +0 chain mail
 m - a +0 ring mail
 u - a +0 scale mail
Magical Staves
 w - a staff of poison
Jewellery
 g - a ring of ice
 x - a ring of fire (right hand)
 A - a +4 ring of evasion (left hand)
Wands
 y - a wand of mindburst (3)
Scrolls
 f - a scroll of blinking
 n - 5 scrolls of teleportation {unknown}
 o - 3 scrolls of identify {unknown}
 q - a scroll of enchant armour {unknown}
 t - a scroll of magic mapping {unknown}
 v - a scroll of torment {unknown}
 z - a scroll of vulnerability {unknown}
Potions
 i - a potion of heal wounds
 p - a potion of attraction {unknown}
 r - a potion of curing
 s - a potion of haste


   Skills:
 - Level 4.0 Fighting
 - Level 2.0 Short Blades
 - Level 1.0 Throwing
 - Level 1.1 Armour
 - Level 2.0 Dodging
 - Level 4.4 Stealth
 - Level 3.0 Spellcasting
 - Level 3.0 Hexes
 - Level 1.0 Ice Magic
 + Level 3.6 Invocations
 - Level 1.0 Evocations


You had 4 spell levels left.
You knew the following spells:

 Your Spells              Type           Power      Damage    Failure   Level
a - Ensorcelled Hibernat  Hex/Ice        18%        N/A       11%         2
b - Tukima's Dance        Hex            13%        N/A       14%         3
c - Confusing Touch       Hex            13%        N/A       14%         3

Your spell library contained the following spells:

 Spells                   Type           Power      Damage    Failure   Level
 Dazzling Flash           Conj/Hex       16%        N/A       26%         3
 Ozocubu's Armour         Ice            6%         N/A       32%         3
 Ozocubu's Refrigeration  Ice            3%         4d5       100%        7


Dungeon Overview and Level Annotations

Branches:
Dungeon (5/15)
 Temple: D:4-7

Altars:
Cheibriados
Dithmenos
Elyvilon
Gozag
Uskayaw
Yredelemnul


Innate Abilities, Weirdness & Mutations

Your serpentine skin is tough. (AC +2)
You have supernaturally acute eyesight. (SInv)
Armour fits poorly on your strangely shaped body.
Your system is resistant to poisons. (rPois)
You cover ground very slowly.
You can spit poison.
You have a snake-like lower body.


Message History

Press: ? - help, Shift-Dir - straight line, f - river rat
Aim: a river rat
Okay, then.
The hell rat bites you.
You feel drained.
The hell rat bites you but does no damage.
The hell rat misses you.
A river rat comes into view. x2
The hell rat bites you.
You feel drained.
The hell rat bites you but does no damage.
The hell rat misses you. The hell rat closely misses you.
The hell rat bites you!
Okay, then.
It was a potion of flight.
You feel very buoyant.
You fly up into the air.
The hell rat barely misses you.
Aiming: Spit Poison (1% risk of failure)
Press: ? - help, Shift-Dir - straight line, f - hell rat
Aim: a hell rat The splash of poison hits the hell rat.
The hell rat is poisoned.
The hell rat is lightly wounded.
The hell rat bites you!
* * * LOW HITPOINT WARNING * * *
You barely miss the hell rat.
The hell rat is lightly wounded.
The hell rat barely misses you.
You closely miss the hell rat.
The hell rat is lightly wounded.
The hell rat barely misses you.
You closely miss the hell rat.
The hell rat is lightly wounded.
You have got your breath back.
The hell rat barely misses you.
Aiming: Spit Poison (1% risk of failure)
Press: ? - help, Q - select action, (/) - cycle Shift-Dir - straight line, f/p - hell rat
Aim: a hell rat (lightly wounded, poisoned)
The splash of poison hits the hell rat but does no damage.
The hell rat looks even sicker.
The hell rat is lightly wounded.
The hell rat bites you!
You die...

#.#.#.#. #....)#.
#.....#. #.##..#.
#.##..#. #.###>#.
###########†.###.
###rrrr...# #..# #.
####.@##r..#...##.###.
#.#.#######.# #.##.##.
##.##


r.r ##.###. #.### #..##.####. ##..## ...##..##. ###.## r######†#. ##.#####
######.##. ##.†#.###.#...###. ###†#...#.#### #. You could see 2 hell rats and 2
river rats.

Vanquished Creatures
  An ogre (D:4)
  Blork the orc (D:4)
  A water moccasin skeleton (D:5)
  An iguana (D:4)
  An orc wizard (D:4)
  A hound skeleton (D:4)
  6 river rats (D:5)
  3 adders
  2 gnolls (D:2)
  2 adder skeletons
  2 worms
  3 dart slugs
  10 orcs
  5 endoplasms
  2 giant cockroaches
  4 goblins
  12 hobgoblins
  3 jackals (D:3)
  5 quokkas
  3 ball pythons
  4 bats
  2 frilled lizards (D:1)
  4 kobolds
  6 rats
84 creatures vanquished.

Vanquished Creatures (collateral kills)
  A gnoll (D:2)
  2 orcs (D:4)
3 creatures vanquished.

Vanquished Creatures (others)
  A dancing weapon (D:4)
1 creature vanquished.

Grand Total: 88 creatures vanquished

Notes
Turn   | Place    | Note
-------+----------+-------------------------------------------
     0 | D:1      | enile the Naga Enchanter began the quest for the Orb.
     0 | D:1      | Reached XP level 1. HP: 15/15 MP: 3/3
   178 | D:1      | Reached skill level 1 in Fighting
   453 | D:1      | Reached XP level 2. HP: 25/25 MP: 5/5
   617 | D:1      | Learned a level 2 spell: Ensorcelled Hibernation
  1321 | D:1      | Reached XP level 3. HP: 32/32 MP: 3/6
  1484 | D:2      | Reached skill level 1 in Throwing
  1612 | D:2      | Reached skill level 1 in Evocations
  1968 | D:2      | Reached skill level 1 in Armour
  2108 | D:2      | Learned a level 3 spell: Tukima's Dance
  2140 | D:2      | Reached XP level 4. HP: 39/39 MP: 4/7
  2607 | D:3      | Found a hide-covered altar of Uskayaw.
  2613 | D:3      | Found a shadowy altar of Dithmenos.
  2613 | D:3      | Found a snail-covered altar of Cheibriados.
  2614 | D:3      | Found a basalt altar of Yredelemnul.
  2616 | D:3      | Found a white marble altar of Elyvilon.
  2618 | D:3      | Found an opulent altar of Gozag.
  2637 | D:3      | Became a worshipper of Cheibriados the Contemplative
  3157 | D:3      | Reached XP level 5. HP: 47/49 MP: 8/8
  3316 | D:4      | Noticed an ogre
  3327 | D:4      | Killed an ogre
  3328 | D:4      | Reached skill level 1 in Ice Magic
  3653 | D:4      | Noticed Blork the orc
  3688 | D:4      | Killed Blork the orc
  3689 | D:4      | Reached XP level 6. HP: 15/57 MP: 4/9
  4071 | D:4      | Learned a level 3 spell: Confusing Touch
  4132 | D:4      | Reached * piety under Cheibriados
  4747 | D:5      | Entered Level 5 of the Dungeon
  5156 | D:5      | Reached XP level 7. HP: 64/64 MP: 11/11
  5322 | D:5      | Slain by a hell rat

Illustrated notes

Levels and vault maps discovered:
D:1:      saegor_arrival_simple_a, layout_loops_ring
D:2:      layout_rooms
D:3:      layout_rooms, minitemple
D:4:      layout_loops_ring, kennysheep_decorative_pillar, uniq_blork_the_orc
D:5:      wander_guarded_unrand_ratskin, layout_basic, uniq_pikel, uniq_edmund

Skill      XL: |  1  2  3  4  5  6 |
---------------+-------------------+-----
Fighting       | 1 2 3 4 |  4.0
Dodging        | 2 |  2.0
Throwing       | 1 |  1.0
Evocations     | 1 |  1.0
Armour         | 1 |  1.1
Short Blades   | 2 |  2.0
Ice Magic      | 1 |  1.0
Invocations    | 2 3 |  3.6
Spellcasting   | 3 |  3.0
Stealth        | |  4.4
Hexes          | |  3.0

Action                   |  1- 3 |  4- 6 |  7- 9 || total
-------------------------+-------+-------+-------++-------
Melee: Dagger            |    92 |   250 |    41 ||   383
Throw: Stone             |     6 |    14 |       ||    20
 Cast: Ensorcelled Hiber |     9 |    14 |       ||    23
       Tukima's Dance    |       |     5 |       ||     5
       Confusing Touch   |       |     2 |       ||     2
 Abil: Spit Poison       |    19 |    23 |     3 ||    45
Evoke: Wand              |       |     8 |       ||     8
  Use: Scroll            |     1 |       |       ||     1
       Potion            |       |     1 |     3 ||     4
 Stab: Sleeping          |    13 |    12 |     1 ||    26
Armor: Robe              |    34 |   100 |     9 ||   143
Dodge: Dodged            |    58 |   150 |    31 ||   239

Table legend: (Time is in decaauts)
 A = Elapsed time spent in this place.
 B = Non-inter-level travel time spent in this place.
 C = Inter-level travel time spent in this place.
 D = Time resting spent in this place.
 E = Time spent auto-exploring this place.
 F = Levels seen in this place.
 G = Mean time per level.
                   A        B        C        D        E       F      G
               +--------+--------+--------+--------+--------+-----+--------+
         Total |   6743 |   6533 |    210 |      0 |   5341 |   5 | 1348.6 |
       Dungeon |   6743 |   6533 |    210 |      0 |   5341 |   5 | 1348.6 |
               +--------+--------+--------+--------+--------+-----+--------+

Top non-repeatable levels by time:
     D:4: 2066 daAuts
     D:1: 1723 daAuts
     D:2: 1191 daAuts
     D:3: 1012 daAuts
     D:5: 750 daAuts
